Map: [ESL] Site Delta

Players

HeroMarine

  • Race: Terran Terran
  • Spawn Location: 5:00

goblin - Winner!

  • Race: Protoss Protoss
  • Spawn Location: 11:00

Event: ESL SC2 Masters 2024 Spring (Regional)

VOD

Have the link to the VOD?

Description

Time

  • Played on: April 13, 2024, 10:45 a.m.
  • Length: 11:57

All games in this series

Show
View Real Time Build Order
Export as new Build Order

HeroMarine Terran 

Build Orders: Reaper Expand 

Get SALT Encoding   

  12  0:00  SCV  
  13  0:12  SCV  
  14  0:17  Supply Depot  
  14  0:24  SCV  
  15  0:38  SCV  
  15  0:40  Barracks  
  16  0:42  Refinery  
  16  0:50  SCV  
  17  1:03  SCV  
  18  1:15  SCV  
  19  1:27  Orbital Command, Reaper  
  20  1:44  Command Center  
  20  1:48  Supply Depot  
  20  1:52  SCV  
  21  1:58  Marine  
  22  2:04  SCV  
  22  2:06  Factory  
  23  2:15  Bunker  
  23  2:16  SCV  
  23  2:20  Barracks Reactor  
  24  2:25  Refinery  
  24  2:28  SCV  
  25  2:40  SCV  
  25  2:50  Hellion  
  27  2:53  SCV, Starport  
  27  2:56  Orbital Command  
  27  2:57  Marine x2  
  30  3:05  SCV  
  31  3:17  SCV  
  32  3:22  SCV  
  33  3:27  Cyclone x2  
  33  3:29  SCV  
  33  3:30  Supply Depot, Marine  
  33  3:32  Medivac  
  41  3:35  SCV  
  43  3:41  SCV  
  43  3:47  SCV  
  43  3:48  Marine  
  44  3:53  SCV  
  46  3:59  SCV, Cyclone x2, Supply Depot  
  51  4:05  SCV  
  51  4:06  Marine  
  53  4:11  SCV  
  54  4:20  Command Center  
  54  4:21  SCV, Liberator  
  54  4:24  Supply Depot, Refinery  
  58  4:26  SCV  
  58  4:30  Barracks Tech Lab  
  59  4:31  Cyclone  
  59  4:37  SCV, Supply Depot  
  62  4:44  SCV  
  62  4:48  Cyclone  
  62  4:49  SCV  
  62  4:55  Marine  
  62  4:56  SCV  
  63  5:01  SCV  
  63  5:03  Cyclone  
  63  5:07  Starport Tech Lab  
  61  5:08  SCV  
  61  5:13  SCV, Marine  
  64  5:18  Barracks  
  64  5:19  Barracks  
  64  5:20  SCV  
  65  5:22  Stimpack, Cyclone  
  65  5:24  Engineering Bay x2  
  65  5:25  SCV  
  68  5:31  Marine  
  68  5:32  SCV  
  68  5:33  Orbital Command  
  68  5:35  Refinery  
  70  5:37  SCV, Raven  
  73  5:44  SCV, Interference Matrix  
  73  5:49  SCV, Marine  
  73  5:57  SCV  
  74  6:01  SCV  
  74  6:02  Missile Turret, Orbital Command  
  74  6:04  Factory Tech Lab, Barracks x2, Missile Turret  
  75  6:09  SCV, Missile Turret  
  76  6:12  Marine  
  76  6:13  SCV  
  76  6:14  Raven  
  80  6:19  Supply Depot  
  80  6:20  Supply Depot  
  80  6:21  SCV  
  80  6:24  Marine  
  80  6:25  SCV, Marine  
  83  6:27  SCV  
  85  6:33  SCV, Terran Infantry Weapons Level 1, Terran Infantry Armor Level 1  
  85  6:38  SCV  
  85  6:39  SCV, Supply Depot  
  89  6:41  Factory Reactor  
  89  6:42  Marine x2  
  89  6:44  Missile Turret  
  89  6:45  SCV  
  89  6:46  Combat Shield  
  94  6:47  Marauder  
  94  6:48  Marauder  
  94  6:50  SCV  
  94  6:51  SCV  
  94  6:53  Barracks Reactor  
  97  6:56  Supply Depot  
  97  6:57  Starport Reactor, SCV  
  97  7:00  Marine x2  
  100  7:02  SCV  
  100  7:04  SCV, Refinery  
  100  7:05  Refinery  
  100  7:07  Marauder  
  100  7:08  Supply Depot  
  104  7:09  SCV  
  104  7:11  Marauder x2  
  104  7:15  SCV  
  110  7:18  Marine x2  
  109  7:28  Marine  
  110  7:30  Marine x2  
  110  7:31  Widow Mine x2  
  110  7:32  Marine x2  
  110  7:33  Medivac x2  
  110  7:36  Marine x2  
  117  7:46  Marine  
  117  7:47  Marine  
  117  7:48  Marine  
  117  7:50  Marine x2  
  123  7:54  Marine x2  
  123  7:55  Armory  
  123  7:57  Widow Mine  
  123  7:58  Supply Depot x2  
  124  8:00  Bunker  
  124  8:01  Supply Depot  
  124  8:02  Supply Depot  
  124  8:03  Marine  
  125  8:08  Ghost Academy  
  125  8:10  Marine x2  
  125  8:11  SCV x3, Widow Mine  
  132  8:13  Medivac  
  132  8:19  Medivac, Missile Turret  
  134  8:23  SCV x3  
  137  8:31  Marauder x3  
  143  8:35  SCV x2  
  145  8:44  SCV  
  145  8:47  SCV x2  
  148  8:51  Ghost x2  
  148  8:52  Ghost, Marine x4  
  148  8:53  Terran Infantry Weapons Level 2  
  148  8:55  Concussive Shells  
  157  8:57  SCV  
  157  8:59  Terran Infantry Armor Level 2  
  157  9:01  Widow Mine x2  
  162  9:04  Supply Depot  
  162  9:08  Supply Depot  
  162  9:11  Supply Depot  
  162  9:14  Medivac  
  165  9:20  Marine  
  165  9:26  Medivac, Marine x6  
  165  9:29  Command Center  
  158  9:43  Widow Mine x2  
  158  9:44  Marauder x2  
  166  9:48  Medivac  
  166  9:51  Barracks  
  166  9:52  Barracks  
  154  9:53  Barracks  
  145  10:04  Viking  
  133  10:09  Marauder x3  
  133  10:10  Starport, Marine x3  
  133  10:12  Marine  
  141  10:18  Viking  
  141  10:28  Marine  
  139  10:30  Marauder  
  139  10:31  Marauder x2  
  139  10:33  Bunker  
  139  10:34  Viking  
  148  10:41  Barracks Tech Lab x2  
  148  10:42  Factory Tech Lab, Barracks Tech Lab, Missile Turret  
  148  10:45  Missile Turret  
  148  10:48  Viking  
  149  10:58  Marauder x3, Marine x4  
  149  11:00  Viking x2  
  149  11:01  Siege Tank  
  149  11:04  Marauder x3, Viking  
  174  11:18  Viking  
  174  11:19  Marauder x2  
  168  11:28  Marine  
  168  11:32  Marauder x2  
  170  11:33  Hellion  
Show
View Real Time Build Order
Export as new Build Order

goblin Protoss - Winner!

Build Orders: 1 Gate Expand, Phoenix Opening 

Get SALT Encoding   

  12  0:00  Probe  
  13  0:12  Probe  
  14  0:18  Pylon  
  14  0:24  Probe (Chrono Boost)  
  15  0:36  Probe (Chrono Boost)  
  15  0:38  Gateway  
  16  0:45  Probe (Chrono Boost)  
  16  0:47  Assimilator  
  17  0:51  Probe  
  18  1:03  Probe  
  19  1:15  Probe  
  20  1:25  Cybernetics Core  
  20  1:34  Nexus  
  20  1:38  Probe  
  21  1:44  Pylon  
  21  1:50  Probe  
  21  1:53  Assimilator  
  22  2:00  Adept (Chrono Boost)  
  22  2:02  Probe  
  25  2:14  Probe  
  26  2:19  Stargate  
  26  2:20  Adept (Chrono Boost)  
  26  2:26  Probe  
  29  2:38  Probe  
  29  2:40  Warp Gate  
  30  2:46  Stalker, Probe (Chrono Boost)  
  34  2:56  Probe (Chrono Boost)  
  34  2:58  Probe (Chrono Boost)  
  35  3:03  Phoenix, Probe (Chrono Boost)  
  35  3:04  Probe (Chrono Boost)  
  39  3:10  Gateway  
  39  3:13  Probe  
  39  3:16  Probe  
  39  3:19  Pylon  
  41  3:25  Probe  
  42  3:28  Probe  
  42  3:29  Phoenix (Chrono Boost)  
  45  3:37  Probe  
  45  3:40  Probe  
  47  3:49  Probe  
  47  3:52  Probe  
  47  3:53  Phoenix (Chrono Boost)  
  51  3:59  Pylon  
  51  4:00  Nexus  
  51  4:06  Probe  
  52  4:10  Twilight Council, Probe  
  53  4:17  Phoenix  
  53  4:19  Shield Battery, Probe  
  56  4:31  Assimilator  
  57  4:32  Zealot, Stalker  
  57  4:33  Assimilator, Probe  
  57  4:35  Pylon  
  60  4:39  Probe  
  61  4:46  Probe  
  61  4:51  Phoenix  
  61  4:52  Probe  
  61  4:55  Zealot  
  61  4:56  Zealot  
  61  4:58  Probe  
  66  5:04  Probe  
  65  5:08  Charge (Chrono Boost)  
  65  5:10  Probe  
  65  5:14  Gateway x2  
  62  5:16  Probe  
  62  5:17  Probe, Gateway  
  62  5:19  Phoenix (Chrono Boost)  
  66  5:22  Probe (Chrono Boost)  
  68  5:28  Probe (Chrono Boost)  
  68  5:29  Probe (Chrono Boost)  
  68  5:32  Gateway  
  68  5:34  Probe (Chrono Boost)  
  70  5:36  Zealot, Sentry  
  70  5:40  Probe x2 (Chrono Boost)  
  76  5:44  Probe (Chrono Boost)  
  76  5:45  Robotics Facility, Probe (Chrono Boost)  
  76  5:47  Pylon, Probe (Chrono Boost)  
  79  5:52  Pylon  
  79  5:54  Probe  
  79  5:55  Phoenix (Chrono Boost)  
  82  5:58  Probe  
  82  5:59  Probe  
  84  6:07  Pylon  
  84  6:12  Phoenix (Chrono Boost)  
  84  6:13  Zealot x3  
  92  6:19  Forge  
  92  6:20  Assimilator  
  92  6:22  Probe  
  92  6:23  Probe  
  94  6:30  Pylon  
  94  6:31  Zealot x3, Observer (Chrono Boost)  
  100  6:35  Phoenix  
  100  6:38  Robotics Bay  
  103  6:46  Zealot x3  
  109  6:49  Observer (Chrono Boost)  
  109  6:51  Pylon  
  109  6:52  Pylon  
  110  6:56  Zealot x3  
  110  6:58  Protoss Ground Weapons Level 1 (Chrono Boost), Probe  
  110  7:00  Pylon  
  117  7:09  Probe  
  116  7:23  Zealot x6  
  116  7:28  Colossus (Chrono Boost)  
  128  7:31  Observer, Extended Thermal Lance  
  128  7:34  Nexus  
  134  7:43  Nexus  
  126  7:52  Probe x2  
  126  7:58  Robotics Facility  
  128  8:02  Pylon  
  128  8:04  Blink  
  128  8:05  Pylon, Probe x2  
  130  8:07  Colossus (Chrono Boost)  
  130  8:08  Phoenix  
  130  8:12  Observer  
  138  8:16  Stalker  
  138  8:19  Gateway x2  
  140  8:23  Pylon x2  
  140  8:24  Probe x2  
  140  8:25  Probe  
  143  8:33  Forge  
  143  8:36  Probe  
  143  8:39  Stalker x4, Protoss Ground Armor Level 1 (Chrono Boost)  
  151  8:43  Shield Battery  
  151  8:44  Colossus (Chrono Boost)  
  157  8:49  Protoss Ground Weapons Level 2 (Chrono Boost)  
  157  8:56  Probe x2  
  157  9:00  Colossus (Chrono Boost)  
  165  9:12  Zealot, Stalker x3  
  165  9:13  Pylon  
  173  9:17  Probe  
  172  9:38  Colossus (Chrono Boost)  
  164  9:39  Zealot x8  
  172  10:00  Zealot x3  
  172  10:01  Zealot x5  
  174  10:14  Immortal (Chrono Boost), Gateway  
  174  10:16  Probe  
  174  10:17  Nexus  
  174  10:19  Pylon  
  173  10:22  Immortal (Chrono Boost)  
  177  10:32  Stalker x5  
  187  10:37  Pylon  
  187  10:40  Pylon, Probe x2  
  189  10:43  Warp Prism  
  191  10:51  Observer  
  192  10:57  Stalker x4  
  200  11:17  Robotics Facility  
  194  11:31  Zealot x3  
  198  11:34  Pylon  
  182  11:48  Zealot x6  
Tags
 
Add a new tag
Caveats
  • Supply blocks, unpowered buildings, or Contaminate may cause inaccurate times.
  • Supply counts are checked every 10 seconds.